 Dungeon Crawl Stone Soup version 0.30-a0-241-g1121274140 (webtiles) character file.

Game seed: 12250545357209467630

176 Hubris850 the Shooter (level 5, -2/29 HPs)
             Began as a Deep Elf Hunter on Oct 10, 2022.
             Was an Initiate of Ashenzari.
             Slain by an orc priest
             ... wielding a +0 hand axe
              (6 damage)
             ... on level 4 of the Dungeon.
             The game lasted 00:06:01 (2487 turns).

Hubris850 the Shooter (Deep Elf Hunter)             Turns: 2487, Time: 00:06:01

Health: -2/29      AC:  6    Str:  8    XL:     5   Next: 30%
Magic:  7/7        EV: 13    Int: 14    God:    Ashenzari [......]
Gold:   221        SH:  0    Dex: 20    Spells: 4/4 levels left

rFire   + . .      SeeInvis .    a - +0 shortbow
rCold   . . .      Faith    .    (shield currently unavailable)
rNeg    . . .      Spirit   .    c - +0 leather armour
rPois   .          Reflect  .    (no helmet)
rElec   .          Harm     .    (no cloak)
rCorr   .          Rampage  .    r - +0 pair of gloves
Will    .....                    k - +1 pair of boots
Stlth   +++.......               (no amulet)
HPRegen 0.24/turn                d - ring of protection from fire
MPRegen 0.10/turn                (no ring)

@: no status effects
A: no striking features
a: Renounce Religion


You were on level 4 of the Dungeon.
You worshipped Ashenzari.
Ashenzari was noncommittal.
You visited 1 branch of the dungeon, and saw 4 of its levels.

You collected 221 gold pieces.

Inventory:

Hand Weapons
 a - a +0 shortbow (weapon)
 t - a +1 hand axe of venom
Missiles
 g - 2 curare-tipped darts
 m - 4 boomerangs
Armour
 c - a +0 leather armour (worn)
 k - a +1 pair of boots (worn)
 r - a +0 pair of gloves (worn)
 v - a +0 buckler
Jewellery
 d - a ring of protection from fire (left hand)
Scrolls
 b - 2 scrolls of immolation
 f - a scroll of teleportation
Potions
 e - 2 potions of cancellation
 h - a potion of berserk rage
 i - a potion of curing
 l - a potion of heal wounds
 n - a potion of attraction {unknown}
 o - a potion of ambrosia {unknown}
 p - a potion of lignification {unknown}
 s - a potion of might {unknown}
 w - a potion of mutation {unknown}
 x - a potion of haste {unknown}
 z - a potion of resistance {unknown}


   Skills:
 - Level 1.5 Fighting
 + Level 7.2 Ranged Weapons
 - Level 3.6 Dodging
 - Level 4.0 Stealth


You had 4 spell levels left.
You didn't know any spells.
Your spell library contained the following spells:

 Spells                   Type           Power      Damage    Failure   Level
 Shock                    Conj/Air       0%         1d3       38%         1
 Sublimation of Blood     Necr           0%         N/A       54%         2
 Wereblood                Tmut           0%         N/A       54%         2
 Swiftness                Air            0%         N/A       77%         3
 Airstrike                Air            0%         2d(0-16)  99%         4
 Animate Armour           Summ/Erth      0%         N/A       99%         4
 Manifold Assault         Tloc           0%         N/A       99%         4
 Blade Hands              Tmut           0%         N/A       100%        5
 Dispersal                Tloc           0%         N/A       100%        6
 Iron Shot                Conj/Erth      0%         9d1       100%        6
 Summon Hydra             Summ           0%         N/A       100%        7
 Disjunction              Tloc           0%         N/A       100%        8


Dungeon Overview and Level Annotations

Branches:
Dungeon (4/15)
 Temple: D:4-7

Altars:
Ashenzari
Elyvilon


Message History

The arrow hits the dart slug but does no damage.
The orc priest closely misses you.
You shoot an arrow. The arrow hits the orc.
The orc is almost dead.
The orc priest calls down the wrath of Beogh upon you.
Beogh smites you!
You shoot an arrow. The arrow barely misses the orc.
The orc misses you.
You shoot an arrow.
The arrow hits the orc but does no damage.
The orc is almost dead.
The orc hits you with a +0 falchion. The dart slug launches a dart at you.
The slug dart misses you.
You are too injured to fight recklessly!
You are too injured to fight recklessly!
You are too injured to fight recklessly!
The orc priest casts a cantrip, but nothing happens.
The orc closely misses you.
Fire: a) +0 shortbow
Press: ? - help, Q - select action, (/) - cycle Shift-Dir - straight line, f/p - orc
Aim: an orc, wielding a +0 falchion and wearing a +0 leather armour (almost dead, 65% to hit)
You shoot an arrow. The arrow hits the orc!
You kill the orc!
The orc priest mumbles some strange prayers to Beogh against you.
Beogh smites you!
* * * LOW HITPOINT WARNING * * *
Fire: a) +0 shortbow
Press: ? - help, Q - select action, (/) - cycle Shift-Dir - straight line, f - dart slug
Aim: a dart slug (94% to hit)
You shoot an arrow. The arrow hits the dart slug!
You kill the dart slug!
The orc priest calls upon Beogh to heal the orc priest.
The orc priest's wounds heal themselves!
Fire: a) +0 shortbow
Press: ? - help, Q - select action, (/) - cycle Shift-Dir - straight line, f - orc priest
Aim: an orc priest, wielding a +0 hand axe (65% to hit)
You shoot an arrow.
The arrow hits the orc priest but does no damage.
The orc priest hits you with a +0 hand axe.
You die...

... .. ..? .. #.##.
#. #.#o #..# #..
#....#o############
#...o..........#
####o####.####.#
#@# #.# #.# #.# #.#
#.# #.# #.# #.# #.#
#.# #.# #.#
#.####.# #.#
#...##.# .#.
###.##.### # #
#.##...# #.####.#


You could see 2 orc priests and an orc.

Vanquished Creatures
  3 gnolls
  7 adders
  A worm (D:2)
  5 dart slugs
  2 orcs
  5 ball pythons
  6 endoplasms
  9 goblins
  8 hobgoblins
  6 jackals
  A quokka (D:2)
  5 bats
  A frilled lizard (D:3)
  4 kobolds
  8 rats
71 creatures vanquished.

Notes
Turn   | Place    | Note
-------+----------+-------------------------------------------
     0 | D:1      | Hubris850 the Deep Elf Hunter began the quest for the Orb.
     0 | D:1      | Reached XP level 1. HP: 12/12 MP: 3/3
   102 | D:1      | Reached XP level 2. HP: 16/16 MP: 4/4
   601 | D:1      | Reached XP level 3. HP: 18/20 MP: 5/5
   985 | D:2      | Reached skill level 6 in Ranged Weapons
  1187 | D:2      | Reached XP level 4. HP: 22/25 MP: 6/6
  1376 | D:2      | Found a white marble altar of Elyvilon.
  1943 | D:3      | Reached XP level 5. HP: 29/29 MP: 7/7
  2184 | D:3      | Reached skill level 7 in Ranged Weapons
  2399 | D:4      | Found a broken altar of Ashenzari.
  2417 | D:4      | Became a worshipper of Ashenzari the Shackled
  2487 | D:4      | Slain by an orc priest

Illustrated notes

Levels and vault maps discovered:
D:1:      mrwooster_arrival_statue_2, layout_loops_ring, minmay_parallelograms
D:2:      layout_loops_ring, basic_altar, minmay_strange_pillars,
          kennysheep_generic_room_13
D:3:      layout_loops_ring, minmay_fractal_squares_gapless_5
D:4:      layout_loops_ring, evilmike_ruin_ashenzari, nicolae_ru_awakened_eye,
          minmay_temple_entry_large_hall, serial_shops, shop_scrolls,
          uniq_natasha

Skill      XL: |  1  2  3  4  5 |
---------------+----------------+-----
Stealth        | 2 3 4 |  4.0
Dodging        | 3 |  3.6
Ranged Weapons | 6 7 |  7.2
Fighting       | |  1.5

Action                   |  1- 3 |  4- 6 || total
-------------------------+-------+-------++-------
 Fire: Shortbow          |   123 |    83 ||   206
  Use: Scroll            |       |     8 ||     8
Armor: Leather armour    |    13 |     7 ||    20
Dodge: Dodged            |    29 |    25 ||    54

Table legend: (Time is in decaauts)
 A = Elapsed time spent in this place.
 B = Non-inter-level travel time spent in this place.
 C = Inter-level travel time spent in this place.
 D = Time resting spent in this place.
 E = Time spent auto-exploring this place.
 F = Levels seen in this place.
 G = Mean time per level.
                   A        B        C        D        E       F      G
               +--------+--------+--------+--------+--------+-----+--------+
         Total |   2540 |   2483 |     57 |    224 |   1774 |   4 |  635.0 |
       Dungeon |   2540 |   2483 |     57 |    224 |   1774 |   4 |  635.0 |
               +--------+--------+--------+--------+--------+-----+--------+

Top non-repeatable levels by time:
     D:2: 934 daAuts
     D:1: 754 daAuts
     D:3: 753 daAuts
     D:4: 98 daAuts
